 Dungeon Crawl Stone Soup version 0.28.0-43-g3370ac3207 (webtiles) character file.

Game seed: 6165472645538528674

5686 pkoi the Destroyer (level 10, -4/69 HPs)
             Began as a White Draconian Fire Elementalist on Mar 15, 2022.
             Was a Follower of Sif Muna.
             Slain by a salamander
             ... wielding a +4 trident of flaming
              (5 damage)
             ... in a volcano.
             The game lasted 00:18:06 (15841 turns).

pkoi the Destroyer (DrFE)                          Turns: 15841, Time: 00:18:07

Health: -4/69      AC:  8    Str: 10    XL:     10   Next: 47%
Magic:  13/19      EV: 12    Int: 26    God:    Sif Muna [*.....]
Gold:   584        SH:  5    Dex: 12    Spells: 7/21 levels left

rFire   . . .      SeeInvis .   t - +2 dagger (venom)
rCold   + . .      Faith    .   (no shield)
rNeg    + . .      Spirit   .   (armour unavailable)
rPois   .          Reflect  +   (helmet restricted)
rElec   .          Harm     .   (no cloak)
rCorr   .          Rampage  .   (no gloves)
Will    .....                   j - +0 pair of boots
Stlth   +++.......              f - amulet of reflection
HPRegen 0.21/turn               e - +6 ring of intelligence
MPRegen 0.16/turn               h - ring of positive energy

@: very slightly contaminated
A: breathe frost, AC +7, unfitting armour, cold resistance 1, cold-blooded
a: Breathe Frost, Renounce Religion, Channel Magic


You were in a volcano.
You worshipped Sif Muna.
Sif Muna was aware of your devotion.
You visited 3 branches of the dungeon, and saw 11 of its levels.
You also visited: Volcano.

You collected 584 gold pieces.

Inventory:

Hand Weapons
 a - a +1 dagger
 g - the +10 whip "Jonyfiny" {antimagic, rElec rC+ rN+}
   (You found it on level 2 of the Dungeon)

   It reduces the magical energy of the wielder, and disrupts the spells and
   magical abilities of those it strikes.
   Natural abilities and divine invocations are not affected.
   rC:        It protects you from cold.
   rElec:     It insulates you from electricity.
   rN:        It protects you from negative energy.
 t - a +2 dagger of venom (weapon)
 x - the +8 hunting sling of the Arena {vorpal, rF+ rN++ Str+4}
   (You found it on level 8 of the Dungeon)

   Any ammunition fired from it inflicts extra damage upon your enemies.
   Str:       It affects your strength (+4).
   rF:        It protects you from fire.
   rN:        It greatly protects you from negative energy.
Missiles
 o - a curare-tipped dart
 y - 17 sling bullets
Armour
 j - a +0 pair of boots (worn)
Magical Staves
 A - a staff of cold
Jewellery
 e - a +6 ring of intelligence (left hand)
 f - an amulet of reflection (around neck)
 h - a ring of positive energy (right hand)
 n - an amulet of guardian spirit
Wands
 l - a wand of iceblast (3)
Scrolls
 d - a scroll of fear
 p - a scroll of enchant weapon
 r - 5 scrolls of identify
 u - 3 scrolls of teleportation
 z - a scroll of summoning {unknown}
Potions
 b - a potion of mutation
 c - a potion of cancellation
 i - 2 potions of haste
 k - a potion of heal wounds
 q - 2 potions of curing
 s - a potion of resistance {unknown}
 v - a potion of attraction {unknown}
 w - 2 potions of lignification {unknown}
Miscellaneous
 m - a condenser vane


   Skills:
 - Level 1.7 Dodging
 + Level 6.1 Stealth
 + Level 6.0 Spellcasting
 * Level 8.7 Conjurations
 - Level 3.0 Hexes
 - Level 3.0 Translocations
 + Level 7.8 Fire Magic
 + Level 0.5 Ice Magic


You had 7 spell levels left.
You knew the following spells:

 Your Spells              Type           Power      Damage    Failure   Level
a - Foxfire               Conj/Fire      100%       2x1d9     1%          1
b - Apportation           Tloc           46%        N/A       1%          1
c - Scorch                Fire           96%        2d10      1%          2
d - Inner Flame           Hex/Fire       35%        N/A       2%          3
e - Flame Wave            Conj/Fire      50%        2d10      2%          4
f - Frozen Ramparts       Ice            20%        1d4       17%         3

Your spell library contained the following spells:

 Spells                   Type           Power      Damage    Failure   Level
 Slow                     Hex            92%        N/A       1%          1
 Conjure Flame            Conj/Fire      50%        6-21      1%          3
 Freeze                   Ice            40%        1d6       5%          1
 Confusing Touch          Hex            23%        N/A       6%          3
 Beastly Appendage        Tmut           14%        N/A       7%          1
 Wereblood                Tmut           7%         N/A       11%         2
 Hailstorm                Conj/Ice       32%        3d8       11%         4
 Spider Form              Tmut/Pois      7%         N/A       21%         3
 Vampiric Draining        Necr           7%         2d6       21%         3
 Alistair's Intoxication  Tmut/Pois      4%         N/A       88%         5


Dungeon Overview and Level Annotations

Branches:
Dungeon (9/15)             Temple (1/1) D:7            Lair (1/6) D:8
Volcano (1/1)
    Orc: D:9-12

Altars:
Ashenzari
Cheibriados
Dithmenos
Elyvilon
Fedhas
Hepliaklqana
Kikubaaqudgha
Makhleb
Nemelex Xobeh
Okawaru
Qazlal
Ru
Sif Muna
Trog
Uskayaw
Vehumet
Wu Jian
Xom
Yredelemnul
Zin
The Shining One

Shops:
D:3 [(=(=

Annotations:
D:6 2 runed translucent doors, Icepheonix32's ghost, amateur DsFi


Innate Abilities, Weirdness & Mutations

You can breathe waves of freezing cold which knock back foes.
Your icy white scales are hard. (AC +7)
You cannot fit into any form of body armour.
Your flesh is cold resistant. (rC+)
You are cold-blooded and may be slowed by cold attacks.


Message History

There are monsters nearby!
Casting: Frozen Ramparts (dangerous; 17% risk of failure)
Confirm with . or Enter, or press ? or * to list all spells.
Casting: Frozen Ramparts (dangerous; 17% risk of failure)
Press: ? - help, Dir - look around, f - activate You miscast Frozen Ramparts.
You are very lightly contaminated with residual magic.
Nothing appears to happen.
The centaur shouts!
A hell hound comes into view.
The hell hound moves out of view.
Unknown command.
You close the door.
You start resting.
The hell hound pauses to sniff the ground.
Casting: Frozen Ramparts (dangerous; 17% risk of failure)
Confirm with . or Enter, or press ? or * to list all spells.
Casting: Frozen Ramparts (dangerous; 17% risk of failure)
Press: ? - help, Dir - look around, f - activate The walls around you are covered in ice.
The centaur shouts!
The hell hound barks!
The salamander is frozen!
The wall freezes the salamander.
The salamander hits you with a +4 trident of flaming!
You are engulfed in flames!
* * * LOW HITPOINT WARNING * * *
The salamander burns you!
* * * LOW HITPOINT WARNING * * *
The wall freezes the hell hound but does no damage.
The hell hound breathes flames at you.
The blast of flame hits the salamander.
The salamander completely resists.
The blast of flame hits you!
* * * LOW HITPOINT WARNING * * *
Your frozen ramparts will break if you move.
Continue?
The frozen ramparts melt away as you move.
The salamander hits you from afar with a +4 trident of flaming!
* * * LOW HITPOINT WARNING * * *
You are engulfed in flames!
* * * LOW HITPOINT WARNING * * *
The salamander burns you.
You die...

###≈≈≈≈≈≈≈
...≈≈≈≈≈≈ ..≈≈≈≈≈≈≈
### ...≈≈≈≈≈≈
##.c##.≈.≈≈≈≈≈
#..!c#..≈≈≈≈≈≈
#....N.≈≈≈≈≈≈≈
#.≈≈≈≈≈≈≈
##@§§§≈≈≈≈
§.§####..§≈§≈≈≈≈
§........≈§§≈≈≈≈
≈§≈≈..####^.≈≈≈≈≈≈≈
§≈≈§§§§. ##..≈≈≈≈≈≈
#≈§≈≈§.. #.≈≈≈≈≈≈≈
≈#≈≈≈.§.+ #.≈≈≈≈≈≈≈
#≈≈≈≈≈..# #.≈≈≈≈≈≈≈
≈≈≈≈≈§..##
##..≈≈≈≈≈≈


You could see a salamander and 2 centaurs.

Vanquished Creatures
  An elephant (D:8)
  2 cane toads (Lair:1)
  4 yaks
  Duvessa (D:6)
  A water moccasin (D:7)
  2 hell hounds (Lair:1)
  4 orc warriors
  5 ice beasts
  A sky beast (D:7)
  A hornet zombie (D:7)
  5 black bears
  A necrophage (D:5)
  3 ogres (D:5)
  3 centaurs
  3 bullfrogs
  5 kobold brigands
  A gnoll sergeant (D:7)
  4 scorpions
  A water moccasin zombie (D:5)
  A water moccasin skeleton (D:5)
  Dowan (D:6)
  A howler monkey (D:8)
  A bullfrog zombie (D:7)
  A centaur zombie (D:6)
  2 centaur skeletons
  3 hounds
  A gnoll shaman (D:7)
  7 orc priests
  3 orc wizards
  A howler monkey skeleton (D:5)
  6 adders
  4 gnolls (D:7)
  3 white imps
  A dart slug (D:5)
  36 orcs
  8 bats
  2 endoplasms (D:2)
  5 giant cockroaches
  7 goblins
  8 hobgoblins
  9 jackals
  37 kobolds
  2 quokkas (D:4)
  5 ball pythons
  3 frilled lizards
  2 rats
208 creatures vanquished.

Vanquished Creatures (collateral kills)
  2 foxfires
2 creatures vanquished.

Vanquished Creatures (others)
  256 foxfires
  3 fungi
  31 plants
290 creatures vanquished.

Grand Total: 500 creatures vanquished

Notes
Turn   | Place    | Note
-------+----------+-------------------------------------------
     0 | D:1      | pkoi the Draconian Fire Elementalist began the quest for
                  | the Orb.
     0 | D:1      | Reached XP level 1. HP: 14/14 MP: 3/3
   159 | D:1      | Learned a level 1 spell: Apportation
   774 | D:1      | Reached XP level 2. HP: 11/20 MP: 1/5
  2373 | D:2      | Reached XP level 3. HP: 26/26 MP: 1/6
  2705 | D:2      | Identified the +10 whip "Jonyfiny" {antimagic, rElec rC+
                  | rN+}
  2863 | D:3      | Found Xithe's Weapon Shoppe.
  2866 | D:3      | Reached skill level 1 in Translocations
  2900 | D:3      | Found a faded altar of an unknown god.
  3024 | D:3      | Found Xikuss's Armour Shop.
  3034 | D:3      | Reached skill level 2 in Conjurations
  3132 | D:3      | Found Etoynumu's Antique Weapon Shop.
  3148 | D:3      | Reached XP level 4. HP: 29/33 MP: 2/7
  3422 | D:3      | Found an iron altar of Okawaru.
  3422 | D:3      | Found a snail-covered altar of Cheibriados.
  3469 | D:3      | Found Duibbugiju's Jewellery Emporium.
  3508 | D:3      | Found Fyanwe's Jewellery Emporium.
  4257 | D:4      | Reached XP level 5. HP: 34/38 MP: 2/8
  4561 | D:5      | Entered Level 5 of the Dungeon
  4602 | D:5      | Noticed a centaur
  4610 | D:5      | Killed a centaur
  4611 | D:5      | Reached skill level 3 in Conjurations
  4611 | D:5      | Reached XP level 6. HP: 28/45 MP: 3/10
  4951 | D:5      | Learned a level 2 spell: Scorch
  4955 | D:5      | Learned a level 3 spell: Inner Flame
  5198 | D:5      | Reached skill level 4 in Conjurations
  5198 | D:5      | Reached skill level 5 in Fire Magic
  5198 | D:5      | Your scales start taking on an icy white colour.
  5198 | D:5      | Reached XP level 7. HP: 44/50 MP: 3/11
  5198 | D:5      | Gained mutation: Your flesh is cold resistant. (rC+) [White
                  | Draconian growth]
  5377 | D:5      | Reached skill level 1 in Hexes
  5845 | D:5      | Found a blossoming altar of Fedhas.
  5989 | D:6      | Noticed Duvessa
  5989 | D:6      | Noticed Dowan
  6126 | D:5      | Reached XP level 8. HP: 41/57 MP: 4/13
  6316 | D:6      | Reached skill level 5 in Conjurations
  6559 | D:6      | Reached skill level 5 in Fire Magic
  6843 | D:6      | Killed Duvessa
  6855 | D:6      | Killed Dowan
  7375 | D:6      | Found a large runed translucent door.
  7375 | D:6      | Found a large runed translucent door.
  7387 | D:6      | Noticed Icepheonix32's ghost (amateur DsFi)
  7734 | D:7      | Reached skill level 6 in Conjurations
  8466 | D:7      | Reached XP level 9. HP: 62/62 MP: 5/15
  9075 | D:7      | Found a staircase to the Ecumenical Temple.
  9082 | Temple   | Entered the Ecumenical Temple
  9092 | Temple   | HP: 3/62 [orc warrior/+0 short sword (6)]
  9612 | Temple   | Became a worshipper of Sif Muna the Loreminder
 10156 | D:7      | Reached skill level 7 in Conjurations
 10208 | D:7      | HP: 3/62 [gnoll sergeant/+0 spear (10)]
 10606 | D:7      | Reached skill level 5 in Stealth
 10606 | D:7      | Reached skill level 5 in Spellcasting
 11452 | D:7      | Reached * piety under Sif Muna
 12140 | D:8      | Learned a level 4 spell: Flame Wave
 12432 | D:8      | Identified the +8 hunting sling of the Arena {vorpal, rF+
                  | rN++ Str+4}
 12613 | D:8      | Noticed an elephant
 12631 | D:8      | Killed an elephant
 13451 | D:8      | Found a staircase to the Lair.
 13460 | D:8      | Reached XP level 10. HP: 69/69 MP: 11/18
 13472 | D:8      | Reached skill level 8 in Conjurations
 15124 | D:9      | Noticed Erolcha
 15128 | D:9      | Noticed a two-headed ogre
 15322 | Lair:1   | Entered Level 1 of the Lair of Beasts
 15322 | Lair:1   | Noticed a cane toad
 15323 | Lair:1   | Noticed a cane toad
 15326 | Lair:1   | Killed a cane toad
 15331 | Lair:1   | Killed a cane toad
 15446 | Lair:1   | Learned a level 3 spell: Frozen Ramparts
 15550 | Lair:1   | Found a dark tunnel.
 15565 | Volcano  | Entered a volcano
 15836 | Volcano  | Noticed a salamander
 15841 | Volcano  | HP: 1/69 [salamander/+4 trident of flaming (9)]
 15841 | Volcano  | Slain by a salamander

Illustrated notes

Levels and vault maps discovered:
D:1:      elethiomel_arrival_infinity_welcomes_careful_drivers,
          layout_loops_ring, chequers_hall_statues_wall_a
D:2:      layout_basic
D:3:      layout_loops_ring, gammafunk_temple_overflow_wave,
          shapermc_ecumenical_altar_mp_ritualfount, serial_shops, shop, shop,
          shop, nicolae_diamond_shop, nicolae_lakefront_shop
D:4:      layout_basic
D:5:      layout_loops_ring, minmay_ruined_shrine
D:6:      layout_basic, ebering_ghost_disaster_area, uniq_duvessa
D:7:      kennysheep_kobold_camp, layout_basic, minmay_temple_entry_mini_moons,
          corexii_checkpoint_b, minmay_fractal_squares_gapless_5
D:8:      layout_layer_cave, david_lair_generic
D:9:      layout_basic, uniq_erolcha
Temple:   mainiacjoe_temple_bowtie_tessellation
Lair:1:   layout_cave_pods, enter_volcano_3
Volcano:  volcano_village

Skill      XL: |  1  2  3  4  5  6  7  8  9 10 |
---------------+-------------------------------+-----
Translocations | 1 2 3 |  3.0
Conjurations   | 2 3 4 6 7 8 |  8.7
Stealth        | 2 3 4 5 6 |  6.1
Fire Magic     | 4 4 5 7 |  7.8
Spellcasting   | 3 4 5 6 |  6.0
Hexes          | 1 2 3 |  3.0
Dodging        | |  1.7
Ice Magic      | |  0.5

Action                   |  1- 3 |  4- 6 |  7- 9 | 10-12 || total
-------------------------+-------+-------+-------+-------++-------
Melee: Dagger            |    49 |       |    57 |     9 ||   115
       Tailslap          |    10 |     7 |    51 |     1 ||    69
       Whip              |    32 |    78 |   278 |       ||   388
       Punch             |       |     1 |     3 |       ||     4
 Cast: Foxfire           |    59 |       |    30 |    61 ||   150
       Scorch            |       |       |    33 |    12 ||    45
       Inner Flame       |       |       |     9 |     7 ||    16
       Frozen Ramparts   |       |       |       |     2 ||     2
 Abil: Breathe Frost     |       |       |     8 |     1 ||     9
  Use: Scroll            |     3 |     6 |     3 |       ||    12
 Stab: Sleeping          |     4 |     1 |     2 |       ||     7
Armor: Skin              |    49 |    20 |   117 |     3 ||   189
Dodge: Dodged            |    75 |    43 |   174 |    15 ||   307
Block: Other             |     6 |    22 |    92 |     6 ||   126
       Reflection        |       |       |     7 |     1 ||     8
